 Dungeon Crawl Stone Soup version 0.29-a0-509-g793eeb5391 (webtiles) character file.

Game seed: 11579930096306807084

2586 Grim the Fighter (level 9, -1/102 HPs)
             Began as an Ogre Berserker on May 29, 2022.
             Was a Priest of Trog.
             Slain by a fire elemental (12 damage)
             ... summoned by a deep elf pyromancer
             ... on level 7 of the Dungeon.
             The game lasted 00:12:05 (10144 turns).

Grim the Fighter (Ogre Berserker)                  Turns: 10144, Time: 00:12:06

Health: -1/102     AC:  3    Str: 23    XL:     9   Next: 58%
Magic:  9/9        EV: 14    Int: 10    God:    Trog [***...]
Gold:   237        SH:  0    Dex: 10    Spells: 8/8 levels left

rFire   . . .      SeeInvis .   D - +0 giant club
rCold   . . .      Faith    .   (shield currently unavailable)
rNeg    . . .      Spirit   .   b - +0 animal skin
rPois   .          Reflect  .   (helmet restricted)
rElec   .          Harm     .   G - scarf {repulsion}
rCorr   .          Rampage  .   (gloves unavailable)
Will    +++..                   (boots unavailable)
Stlth   +.........              (no amulet)
HPRegen 1.27/turn               v - ring of willpower
MPRegen 0.11/turn               n - +4 ring of evasion

@: strong-willed, on berserk cooldown, regenerating, slowed, repel missiles,
very slow
A: large, unfitting armour, tough skin 1
a: Renounce Religion, Berserk, Trog's Hand


You were on level 7 of the Dungeon.
You worshipped Trog.
Trog was most pleased with you.
You visited 2 branches of the dungeon, and saw 8 of its levels.

You collected 409 gold pieces.
You spent 172 gold pieces at shops.

Inventory:

Hand Weapons
 a - a +0 mace
 y - a +0 giant spiked club
 D - a +0 giant club (weapon)
Missiles
 s - 9 poisoned darts (quivered)
 H - 5 boomerangs
Armour
 b - a +0 animal skin (worn)
 E - a +1 cloak of willpower
 G - a scarf of repulsion (worn)
Jewellery
 n - a +4 ring of evasion (right hand)
 t - a ring of protection from fire
 v - a ring of willpower (left hand)
Wands
 u - a wand of acid (19)
 C - a wand of mindburst (1)
Scrolls
 d - 4 scrolls of blinking {unknown}
 e - 6 scrolls of identify
 f - 2 scrolls of poison {unknown}
 g - 3 scrolls of teleportation {unknown}
 m - a scroll of magic mapping {unknown}
 w - a scroll of fear {unknown}
 x - a scroll of noise {unknown}
 z - a scroll of vulnerability {unknown}
 A - a scroll of enchant armour {unknown}
 B - 2 scrolls of immolation {unknown}
Potions
 c - a potion of berserk rage {unknown}
 h - 2 potions of heal wounds {unknown}
 i - 4 potions of curing
 j - 3 potions of magic {unknown}
 k - 2 potions of flight {unknown}
 l - 2 potions of attraction {unknown}
 o - a potion of cancellation {unknown}
 p - 4 potions of mutation {!q}
 q - 3 potions of invisibility {unknown}
 r - 3 potions of degeneration {unknown}
 F - a potion of lignification {unknown}


   Skills:
 + Level 10.4 Fighting
 * Level 10.0 Maces & Flails
 - Level 2.6 Dodging


You had 8 spell levels left.
You didn't know any spells.
Your spell library was empty.

Dungeon Overview and Level Annotations

Branches:
Dungeon (7/15)             Temple (1/1) D:4

Altars:
Ashenzari
Cheibriados
Dithmenos
Elyvilon
Fedhas
Gozag
Hepliaklqana
Kikubaaqudgha
Makhleb
Nemelex Xobeh
Okawaru
Qazlal
Ru
Sif Muna
Trog
Uskayaw
Vehumet
Wu Jian
Xom
Yredelemnul
Zin
The Shining One

Shops:
D:4 *   D:6 [

Annotations:
D:1 2 transporters


Innate Abilities, Weirdness & Mutations

You are too large for most types of armour.
You have tough skin. (AC +1)


Message History

* * * LOW HITPOINT WARNING * * *
The deep elf pyromancer closely misses you.
You barely miss the deep elf pyromancer.
The deep elf pyromancer is severely wounded.
The fire elemental barely misses you.
The deep elf pyromancer casts a spell.
The deep elf pyromancer blinks!
Found a scroll labelled REBRECZUUNT.
The fire elemental hits you. The fire elemental burns you!
* * * LOW HITPOINT WARNING * * *
The fire elemental hits you. The fire elemental burns you!
* * * LOW HITPOINT WARNING * * *
You are too berserk!
Really walk into that cloud of flame?
Okay, then.
You feel a strong urge to attack something.
The fire elemental closely misses you.
You feel your anger nearly subside.
You are no longer berserk.
You are exhausted.
You feel yourself slow down. The fire elemental barely misses you.
The fire elemental misses you.
Your skin crawls.
You feel strong-willed. The fire elemental hits you.
The fire elemental burns you!
* * * LOW HITPOINT WARNING * * *
The fire elemental hits you. The fire elemental burns you!
* * * LOW HITPOINT WARNING * * *
Unknown command.
As you read the scroll labelled IMIAJOHOTT, it crumbles to dust.
It is a scroll of identify.
p - 4 potions of mutation The fire elemental hits you.
The fire elemental burns you!
* * * LOW HITPOINT WARNING * * *
The fire elemental hits you. The fire elemental burns you!
* * * LOW HITPOINT WARNING * * *
You feel better. The fire elemental hits you.
* * * LOW HITPOINT WARNING * * *
The fire elemental burns you!
You die...

.....#####.####
..##..........#
....######.##.#
###.# #.##.## #.#
#.##..##########
###.#
#.##...........#
....#
#>##.##.#.#.##..#
##..#
#.##.#######.#
#..#
#.....#@#.#.##
##..# #.####E#.##
#...# #. #○#####
#..# #.####○#.e#
#..#
#.#.#.○#°###..#
#..# #.##°°.....#
#..# #.##########
...###### #.#
....(.... #.#


You could see a fire elemental (summoned).

Vanquished Creatures
  Grinder (D:6)
  Sigmund (D:3)
  A wraith (D:7)
  Eustachio (D:6)
  4 ice beasts
  An orc warrior (D:7)
  A black bear (D:6)
  3 ogres
  3 wights (D:6)
  2 gnoll shamans
  Crazy Yiuf (D:6)
  2 orc priests
  5 hounds
  5 iguanas
  5 orc wizards
  Robin (D:3)
  11 gnolls
  13 adders
  A shadow imp (D:5)
  A white imp (D:6)
  2 ufetubi (D:7)
  3 worms
  3 dart slugs (D:2)
  25 orcs
  6 bats
  15 endoplasms
  4 giant cockroaches
  8 hobgoblins
  11 jackals
  4 quokkas
  4 ball pythons
  5 frilled lizards
  21 goblins
  11 kobolds
  12 rats
197 creatures vanquished.

Vanquished Creatures (others)
  A fungus (D:1)
1 creature vanquished.

Grand Total: 198 creatures vanquished

Notes
Turn   | Place    | Note
-------+----------+-------------------------------------------
     0 | D:1      | Grim the Ogre Berserker began the quest for the Orb.
     0 | D:1      | Reached XP level 1. HP: 24/24 MP: 1/1
   103 | D:1      | Found a faded altar of an unknown god.
   117 | D:1      | Reached XP level 2. HP: 32/32 MP: 2/2
   606 | D:1      | Reached XP level 3. HP: 37/40 MP: 3/3
   665 | D:1      | Reached ** piety under Trog
  1372 | D:2      | Reached XP level 4. HP: 49/49 MP: 4/4
  1449 | D:2      | Reached skill level 5 in Fighting
  2305 | D:2      | Reached XP level 5. HP: 55/57 MP: 5/5
  2561 | D:3      | Identified the +0 helmet "Baurar" {Regen+}
  2561 | D:3      | Noticed Robin
  2569 | D:3      | Killed Robin
  2963 | D:3      | Reached *** piety under Trog
  3077 | D:3      | Reached skill level 5 in Maces & Flails
  3322 | D:3      | HP: 4/88 [hobgoblin/+0 dagger (4)]
  3633 | D:3      | Noticed Sigmund
  3656 | D:3      | Killed Sigmund
  3657 | D:3      | Reached XP level 6. HP: 56/68 MP: 6/6
  3955 | D:4      | Found a staircase to the Ecumenical Temple.
  3966 | Temple   | Entered the Ecumenical Temple
  4165 | D:4      | Found Acamesim's Serpentskin Sales.
  4477 | D:4      | Found an iron altar of Okawaru.
  4662 | D:4      | Reached XP level 7. HP: 27/76 MP: 7/7
  5795 | D:5      | Entered Level 5 of the Dungeon
  6385 | D:4      | HP: 1/78 [something/puff of flame (8)]
  6917 | D:5      | Reached XP level 8. HP: 52/88 MP: 8/8
  7444 | D:5      | Found a white marble altar of Elyvilon.
  7445 | D:5      | Found a shimmering blue altar of Sif Muna.
  7446 | D:5      | Found a glowing silver altar of Zin.
  7447 | D:5      | Found a radiant altar of Vehumet.
  7674 | D:6      | Found Hec Kuat's Antique Armour Boutique.
  7681 | D:6      | Bought a runed cloak for 172 gold pieces
  8607 | D:6      | Noticed Grinder
  8613 | D:6      | Found an ornate altar of the Wu Jian Council.
  8625 | D:6      | Killed Grinder
  8626 | D:6      | Reached XP level 9. HP: 100/100 MP: 9/9
  9054 | D:6      | Found a runed translucent door.
  9055 | D:6      | Noticed Crazy Yiuf
  9154 | D:6      | Noticed Eustachio
  9173 | D:6      | Killed Eustachio
  9358 | D:6      | Killed Crazy Yiuf
  9612 | D:7      | Reached skill level 10 in Fighting
 10127 | D:7      | Reached skill level 10 in Maces & Flails
 10127 | D:7      | Noticed a deep elf pyromancer
 10143 | D:7      | HP: 1/102 [fire elemental[a deep elf pyromancer] (9)]
 10144 | D:7      | Slain by a fire elemental

Illustrated notes

Levels and vault maps discovered:
D:1:      spicycebolla_arrival_transporter_tutorial, layout_loops_ring,
          shapermc_ecumenical_altar_mp_ritualfount
D:2:      minmay_angry_zag, layout_rooms, dk_noncrumbling_4,
          grunt_decor_mini_mirrors
D:3:      minmay_razor_zed, layout_rooms, uniq_sigmund, uniq_robin
D:4:      layout_basic, amcnicky_altar_gilded, minmay_temple_entry_mist,
          guppyfry_shop_venom
D:5:      layout_basic, mainiacjoe_overflow_alcove_3
D:6:      wander_river, layout_basic, nicolae_wu_jian_wuxing_cycle,
          serial_shops, shop, uniq_grinder, uniq_crazy_yiuf_cottage,
          uniq_eustachio
D:7:      layout_loops_ring, minmay_small_thing
Temple:   nicolae_temple_elliptical

Skill      XL: |  1  2  3  4  5  6  7  8  9 |
---------------+----------------------------+-----
Maces & Flails | 3 4 5 7 9 10 | 10.0
Fighting       | 5 6 7 9 10 | 10.4
Dodging        | |  2.6

Action                   |  1- 3 |  4- 6 |  7- 9 || total
-------------------------+-------+-------+-------++-------
Melee: Mace              |   108 |   228 |    64 ||   400
       Punch             |       |     2 |     1 ||     3
       Giant spiked club |       |       |    92 ||    92
       Giant club        |       |       |   166 ||   166
Invok: Berserk           |     2 |     6 |    16 ||    24
       Trog's Hand       |       |     1 |     8 ||     9
  Use: Potion            |       |       |     2 ||     2
       Scroll            |       |       |     1 ||     1
 Stab: Sleeping          |       |     1 |       ||     1
Armor: Animal skin       |    33 |    73 |    76 ||   182
Dodge: Dodged            |    68 |   128 |   271 ||   467
       Repelled          |       |       |     1 ||     1

Table legend: (Time is in decaauts)
 A = Elapsed time spent in this place.
 B = Non-inter-level travel time spent in this place.
 C = Inter-level travel time spent in this place.
 D = Time resting spent in this place.
 E = Time spent auto-exploring this place.
 F = Levels seen in this place.
 G = Mean time per level.
                   A        B        C        D        E       F      G
               +--------+--------+--------+--------+--------+-----+--------+
         Total |  10479 |  10275 |    204 |   4407 |   4387 |   8 | 1309.9 |
       Dungeon |  10301 |  10132 |    169 |   4407 |   4259 |   7 | 1471.6 |
        Temple |    177 |    142 |     35 |      0 |    128 |   1 |  177.0 |
               +--------+--------+--------+--------+--------+-----+--------+

Top non-repeatable levels by time:
     D:4: 2113 daAuts
     D:6: 1934 daAuts
     D:5: 1617 daAuts
     D:3: 1480 daAuts
     D:2: 1311 daAuts
     D:1: 1205 daAuts
     D:7: 638 daAuts
  Temple: 177 daAuts
